 Dungeon Crawl Stone Soup version 0.28-a0-726-g4a9143789a (webtiles) character file.

Game seed: 3884845474214225193

48 bande the Covered (level 3, -1/23 HPs)
             Began as a Gargoyle Fighter on Oct 27, 2021.
             Slain by Natasha (5 damage)
             ... on level 2 of the Dungeon.
             The game lasted 00:01:30 (1694 turns).

bande the Covered (Gargoyle Fighter)                Turns: 1694, Time: 00:01:30

Health: -1/23      AC: 10    Str: 20    XL:     3   Next: 72%
Magic:  3/3        EV:  9    Int:  8    God:
Gold:   32         SH:  4    Dex:  9    Spells: 2/2 levels left

rFire   . . .      SeeInvis .   a - +0 war axe
rCold   . . .      Faith    .   c - +0 buckler
rNeg    + . .      Spirit   .   b - +0 scale mail
rPois   ∞          Reflect  .   (no helmet)
rElec   +          Harm     .   (no cloak)
rCorr   .          Rampage  .   (no gloves)
Will    .....                   (no boots)
Stlth   ..........              (no amulet)
HPRegen 0.07/turn               (no ring)
MPRegen 0.08/turn               (no ring)

@: no status effects
A: sickness immunity, AC +3, negative energy resistance 1, electricity
resistance, torment resistance 1, petrification resistance
a: no special abilities


You were on level 2 of the Dungeon.
You visited 1 branch of the dungeon, and saw 2 of its levels.

You collected 32 gold pieces.

Inventory:

Hand Weapons
 a - a +0 war axe (weapon)
Armour
 b - a +0 scale mail (worn)
 c - a +0 buckler (worn)
Scrolls
 e - 2 scrolls of teleportation
 h - a scroll of immolation {unknown}
Potions
 d - a potion of might
 f - a potion of heal wounds
 g - a potion of cancellation


   Skills:
 + Level 3.5 Fighting
 + Level 2.5 Axes
 + Level 4.0 Armour
 + Level 3.6 Shields


You had 2 spell levels left.
You didn't know any spells.
Your spell library was empty.

Dungeon Overview and Level Annotations

Branches:
Dungeon (2/15)

Altars:

Annotations:
D:2 Natasha


Innate Abilities, Weirdness & Mutations

You are immune to sickness and miasma.
Your stone body is resilient. (AC +3)
You are immune to poison.
You resist negative energy. (rN+)
You are resistant to electric shocks. (rElec)
You are resistant to unholy torment.
You are immune to petrification.


Message History

You hit the white imp but do no damage. Natasha closely misses you.
The white imp barely misses you.
Natasha mumbles some strange words.
You closely miss Natasha.
Natasha is lightly wounded.
You hit the iron imp. You slash the white imp!
The white imp hits you but does no damage.
Natasha claws you but does no damage. The white imp gestures at you.
The puff of frost hits you. The iron imp hits you!
* * * LOW HITPOINT WARNING * * *
You slash Natasha!
Natasha is severely wounded.
You hit the white imp but do no damage. You hit the iron imp but do no damage.
You block Natasha's attack. The white imp barely misses you.
The iron imp barely misses you.
You barely miss Natasha.
Natasha is severely wounded.
You hit the white imp. You hit the iron imp.
Natasha mumbles some strange words.
The white imp barely misses you. The iron imp barely misses you.
Natasha closely misses you.
Unknown command.
You hit Natasha.
Natasha is severely wounded.
You hit the iron imp but do no damage. You barely miss the white imp.
The white imp hits you but does no damage.
Natasha claws you but does no damage.
The iron imp hits you but does no damage.
The white imp barely misses you.
You closely miss Natasha.
Natasha is severely wounded.
You hit the iron imp but do no damage. You barely miss the white imp.
Natasha claws you but does no damage.
The white imp sputters.
The white imp barely misses you. The iron imp hits you.
* * * LOW HITPOINT WARNING * * *
Natasha mewls in sadness.
Natasha claws you.
You die...

#.#####.#########
#÷......##......#
#.##.......####.###
#####.##.##.###...(...#
.........##.# #.###.#.#
#.#.#.......# #.###.#.#
#.#.#.#####[#
#.##..#.## ..#.#.. ..#
#5h5.....#
>##.#########
#.@#.##..# .##.......)
#..5.....# ...........
##.#..##.# ...........
#.##.##.# ..#........
#.##.##.# ...#.......
#.......# #..########
####.#### ...#### #.#
......######## #.#


You could see an iron imp (summoned), Natasha and 2 white imps.

Vanquished Creatures
  Natasha (D:2)
  A dart slug (D:2)
  5 ball pythons
  2 bats (D:2)
  2 endoplasms (D:2)
  3 goblins
  2 hobgoblins (D:1)
  2 kobolds
  2 frilled lizards (D:1)
20 creatures vanquished.

Notes
Turn   | Place    | Note
-------+----------+-------------------------------------------
     0 | D:1      | bande the Gargoyle Fighter began the quest for the Orb.
     0 | D:1      | Reached XP level 1. HP: 14/14 MP: 1/1
   583 | D:1      | Reached XP level 2. HP: 19/19 MP: 2/2
  1368 | D:2      | Noticed Natasha
  1379 | D:2      | Killed Natasha
  1380 | D:2      | Reached skill level 4 in Armour
  1380 | D:2      | Reached XP level 3. HP: 6/23 MP: 3/3
  1678 | D:2      | Noticed Natasha
  1694 | D:2      | Slain by Natasha

Illustrated notes

Levels and vault maps discovered:
D:1:      dpeg_arrival_round_b, layout_loops_ring, minmay_bisected
D:2:      layout_loops_cross, chequers_arboretum, chequers_jeans,
          kennysheep_generic_room_15, uniq_natasha

Skill      XL: |  1  2 |
---------------+-------+-----
Axes           | 2 |  2.5
Armour         | 4 |  4.0
Fighting       | |  3.5
Shields        | |  3.6

Action                   || total
-------------------------++-------
Melee: War axe           ||    96
  Use: Scroll            ||     2
       Potion            ||     2
Armor: Scale mail        ||    59
Dodge: Dodged            ||    57
Block: Buckler           ||    23

Table legend: (Time is in decaauts)
 A = Elapsed time spent in this place.
 B = Non-inter-level travel time spent in this place.
 C = Inter-level travel time spent in this place.
 D = Time resting spent in this place.
 E = Time spent auto-exploring this place.
 F = Levels seen in this place.
 G = Mean time per level.
                   A        B        C        D        E       F      G
               +--------+--------+--------+--------+--------+-----+--------+
         Total |   1732 |   1732 |      0 |    443 |   1017 |   2 |  866.0 |
       Dungeon |   1732 |   1732 |      0 |    443 |   1017 |   2 |  866.0 |
               +--------+--------+--------+--------+--------+-----+--------+

Top non-repeatable levels by time:
     D:1: 941 daAuts
     D:2: 791 daAuts
